[Event "Team 45 45 League T43"]
[Site "Internet Chess Club"]
[Date "2009.11.28"]
[Round "5"]
[White "BotanicalKnight"]
[Black "check-man"]
[Result "1/2-1/2"]
[WhiteElo "1547"]
[BlackElo "1514"]
[Opening "Sicilian: closed"]
[ECO "B24"]
[Time "14:03:54"]
[TimeControl "2700+45"]

1. e4 c5 2. Nc3 g6 3. g3 Bg7 4. Bg2 Nc6 5. d3 Nf6 6. f4 O-O 7. Nf3 d6 8. O-O Qb6
9. Kh1 e5 10. a3 Be6 11. Ne2 Rfd8 12. fxe5 dxe5 13. Ng5 Nd4 14. Nxd4 Rxd4 15.
Nf3 Rdd8 16. Nxe5 Nxe4 17. Qe1 Bxe5 18. Qxe4 Bg7 19. Bg5 Re8 20. Qxb7 Qxb7 21.
Bxb7 Rab8 22. Bc6 Rec8 23. Be4 Bxb2 24. Rab1 Bxa3 25. Ra1 Bh3 26. Bg2 Bxg2+ 27.
Kxg2 Bb2 28. Rxa7 f5 29. Rf4 Bc1 30. Rh4 Bxg5 31. Rhxh7 Ra8 32. Rag7+ Kf8 33.
Rxg6 Be7 34. Re6 Re8 35. Re5 Ra6 36. Rxf5+ Rf6 37. Rh8+ Kf7 38. Rxf6+ Bxf6 39.
Rxe8 Kxe8 40. Kf3 Kf7 41. Ke4 Bd4 42. Kd5 Kg6 43. c3 Bxc3 44. Kxc5 Kh5 45. d4
Kg4 46. d5 Bf6 47. d6 Kh3 48. Kd5 Kxh2 49. Ke6 Bg5 50. g4 Kg3 51. Kf5 Kh4 52. d7
Bd8 {Game drawn by mutual agreement} 1/2-1/2

[Event "Team 45 45 League T43"]
[Site "Internet Chess Club"]
[Date "2009.12.01"]
[Round "5"]
[White "juniorVishy"]
[Black "The-Capitalist"]
[Result "1-0"]
[WhiteElo "1455"]
[BlackElo "1306"]
[Opening "QGD Slav: Slav gambit"]
[ECO "D15"]
[Time "21:00:11"]
[TimeControl "2700+45"]

1. d4 d5 2. c4 c6 3. Nc3 Nf6 4. Nf3 dxc4 5. e4 b5 6. Qc2 Bg4 7. Be3 e6 8. a3 Be7
9. b3 cxb3 10. Qxb3 O-O 11. Ne5 Bh5 12. Bd3 Ng4 13. Nxg4 Bxg4 14. Rc1 Bg5 15. f4
Be7 16. h3 Bh5 17. g4 Bg6 18. f5 exf5 19. exf5 Bg5 20. Bxg5 Qxg5 21. Ne2 Re8 22.
Kd1 Bh5 23. gxh5 Qxh5 24. Rg1 Qf3 25. Rc2 Re3 26. Rd2 Nd7 27. Kc2 Rae8 28. Rg3
Qf2 29. Rxe3 Rxe3 30. a4 a6 31. axb5 axb5 32. Qa3 h6 33. Qa8+ Kh7 34. Qxc6 Nf6
35. Qxb5 Rxh3 36. Qc4 Rh2 37. Qxf7 Rg2 38. Qc4 Ng4 39. f6+ {Black resigns} 1-0

[Event "Team 45 45 League T43"]
[Site "Internet Chess Club"]
[Date "2009.12.01"]
[Round "5"]
[White "KingOfHearts"]
[Black "zigzag2002"]
[Result "1-0"]
[WhiteElo "1291"]
[BlackElo "1370"]
[Opening "Ruy Lopez: Bird's defense"]
[ECO "C61"]
[Time "19:00:34"]
[TimeControl "2700+45"]

1. e4 e5 2. Nf3 Nc6 3. Bb5 Nd4 4. Nxd4 exd4 5. Be2 Bc5 6. d3 d6 7. O-O Be6 8. c3
Ne7 9. Bd2 O-O 10. b4 Bb6 11. c4 c5 12. b5 Ng6 13. f3 Bc7 14. f4 f5 15. Bh5 Ne7
16. Be1 g6 17. Be2 a6 18. Na3 Qd7 19. Rb1 b6 20. Rf3 axb5 21. Nxb5 Rxa2 22. Ra1
Rfa8 23. Rb1 Nc6 24. Bg3 Na7 25. e5 dxe5 26. Nxc7 Qxc7 27. fxe5 Nc6 28. Rf1 R8a3
29. Qe1 Rc3 30. Ra1 Rb2 31. Bf3 Rxd3 32. Ra8+ Kf7 33. Qa1 Rbb3 34. Bxc6 Qxc6 35.
Qa7+ Bd7 36. Re1 Ke6 37. Rh8 Rd2 38. Bf2 Rbb2 39. Rf1 Qe4 40. Rxh7 Qc6 41. Qb8
Qc8 42. Qd6# {Black checkmated} 1-0

[Event "Team 45 45 League T43"]
[Site "Internet Chess Club"]
[Date "2009.11.30"]
[Round "5"]
[White "baseball613"]
[Black "furrbrain"]
[Result "1-0"]
[WhiteElo "1282"]
[BlackElo "1182"]
[Opening "Queen's pawn"]
[ECO "A40"]
[Time "18:00:12"]
[TimeControl "2700+45"]

1. d4 e6 2. Nf3 Nf6 3. Bf4 d5 4. e3 Bb4+ 5. c3 Ba5 6. Bd3 O-O 7. Nbd2 Nc6 8. h3
a6 9. O-O b5 10. Ne5 Nxe5 11. dxe5 Ne4 12. Nxe4 dxe4 13. Bxe4 Qxd1 14. Raxd1 Rb8
15. Rd3 Bb7 16. Bxb7 Rxb7 17. Rfd1 c5 18. Rd7 Rxd7 19. Rxd7 Bb6 20. Rb7 Bd8 21.
Ra7 a5 22. Rb7 b4 23. cxb4 axb4 24. e4 h6 25. Be3 f6 26. exf6 Bxf6 27. Bxc5 Rd8
28. Rxb4 Be5 29. g3 Rd2 30. Rb6 Bxb2 31. Rxe6 {Black resigns} 1-0

[Event "Team 45 45 League T43"]
[Site "Internet Chess Club"]
[Date "2009.11.29"]
[Round "5"]
[White "BotanicalKnight"]
[Black "Razorbackchess"]
[Result "1/2-1/2"]
[WhiteElo "1558"]
[BlackElo "1819"]
[Opening "Sicilian: closed"]
[ECO "B23"]
[Time "09:02:48"]
[TimeControl "2700+45"]

1. e4 c5 2. Nc3 e6 3. g3 Nc6 4. d3 g6 5. Bg2 Bg7 6. f4 Nge7 7. Nf3 O-O 8. O-O e5
9. h3 d6 10. g4 f5 11. g5 exf4 12. exf5 Nxf5 13. Bxf4 Ncd4 14. Nxd4 Bxd4+ 15.
Kh2 Ne3 16. Bxe3 Bxe3 17. Bd5+ Kg7 18. h4 Bf4+ 19. Kg2 Qd7 20. Rh1 Be5 21. Qe2
Qg4+ 22. Qxg4 Bxg4 23. Raf1 Rab8 24. Rxf8 Rxf8 25. Nb5 a6 26. Nc7 Bxb2 27. Rb1
Bd4 28. Rxb7 Kh8 29. Nxa6 Bc8 30. Rb8 Kg7 31. Bb7 Rf2+ 32. Kg3 Bd7 33. Bd5 {Game
drawn by mutual agreement} 1/2-1/2

[Event "Team 45 45 League T43"]
[Site "Internet Chess Club"]
[Date "2009.11.27"]
[Round "5"]
[White "allanchs"]
[Black "ticopatzer"]
[Result "0-1"]
[WhiteElo "1490"]
[BlackElo "1606"]
[Opening "Petrov: French attack"]
[ECO "C42"]
[Time "11:00:42"]
[TimeControl "2700+45"]

1. e4 e5 2. Nf3 Nf6 3. Nxe5 d6 4. Nf3 Nxe4 5. d3 Nf6 6. Nc3 Nc6 7. Be2 Be7 8.
O-O O-O 9. Re1 d5 10. d4 Bf5 11. Nh4 Be6 12. Nf3 a6 13. a3 Qd6 14. Bg5 h6 15.
Bh4 Ne4 16. Bxe7 Nxe7 17. Bd3 Nxc3 18. bxc3 c5 19. Qd2 c4 20. Bf1 b5 21. g3 Bf5
22. Bg2 Be4 23. Ne5 Bxg2 24. Kxg2 f6 25. Ng4 Rfe8 26. Qe2 Qd7 27. Qe6+ Qxe6 28.
Rxe6 Nf5 29. Rae1 Kf7 30. Rxe8 Rxe8 31. Rxe8 Kxe8 32. Ne3 Nxe3+ 33. fxe3 f5 34.
Kf3 Ke7 35. Kf4 Kf6 36. g4 g5+ 37. Kf3 fxg4+ 38. Kxg4 Kg6 39. h3 h5+ 40. Kg3 Kf5
41. Kf3 h4 42. Ke2 g4 43. hxg4+ Kxg4 44. Kf2 h3 45. Kg1 Kg3 46. Kh1 h2 {White
resigns} 0-1

[Event "Team 45 45 League T43"]
[Site "Internet Chess Club"]
[Date "2009.11.28"]
[Round "5"]
[White "kingphisch"]
[Black "Fogbound"]
[Result "1-0"]
[WhiteElo "1531"]
[BlackElo "1319"]
[Opening "Giuoco Piano: LaBourdonnais variation"]
[ECO "C44"]
[Time "13:00:24"]
[TimeControl "2700+45"]

1. e4 e5 2. Nf3 Nc6 3. d4 exd4 4. Bc4 Bc5 5. c3 d6 6. cxd4 Bb6 7. O-O Bg4 8. Be3
h6 9. h3 Bxf3 10. Qxf3 Qf6 11. Rd1 Qxf3 12. gxf3 O-O-O 13. Nc3 Nf6 14. Bxf7 Rhf8
15. Be6+ Nd7 16. Bg4 Kb8 17. Nd5 Na5 18. Rac1 Nc6 19. b4 Nf6 20. Nxb6 axb6 21.
a3 Nxg4 22. fxg4 Rd7 23. f4 Ne7 24. f5 Ng8 25. e5 d5 26. a4 h5 27. Kg2 hxg4 28.
hxg4 Nh6 29. Kg3 Nxf5+ 30. gxf5 Rxf5 31. Rf1 g6 32. Rxf5 gxf5 33. Kf4 Rh7 34.
Kxf5 Rf7+ 35. Kg4 c6 36. Bf4 Rg7+ 37. Kf3 Kc8 38. e6 Kd8 39. Re1 Ke8 40. e7 Rh7
41. Bc7 Rh3+ 42. Kg2 Ra3 43. Bxb6 Rxa4 44. Bc5 b6 45. Bxb6 Rxb4 46. Bc5 Rb2+ 47.
Kg1 Rc2 48. Rf1 Rxc5 49. dxc5 Kxe7 50. Rf5 Ke6 51. Rh5 d4 52. Kf2 Kf6 53. Ke2
Kg6 54. Rh4 d3+ 55. Kxd3 Kg5 56. Rd4 Kf5 57. Rd8 Ke5 58. Kc4 Ke6 59. Kb4 Ke7 60.
Rd1 Ke6 61. Ka5 Ke5 62. Kb6 Ke4 63. Kxc6 Ke3 64. Kd6 {Black resigns} 1-0

[Event "Team 45 45 League T43"]
[Site "Internet Chess Club"]
[Date "2009.11.26"]
[Round "5"]
[White "CREDITorDEBIT"]
[Black "crazyhorses"]
[Result "1-0"]
[WhiteElo "1659"]
[BlackElo "1556"]
[Opening "Ruy Lopez: closed, center attack"]
[ECO "C84"]
[Time "17:06:15"]
[TimeControl "2700+45"]

1. e4 e5 2. Nf3 Nc6 3. Bb5 a6 4. Ba4 Nf6 5. O-O Be7 6. d4 exd4 7. e5 Nd5 8. Nxd4
Nb6 9. Nxc6 dxc6 10. Bb3 Qxd1 11. Rxd1 O-O 12. Nc3 Bf5 13. Ne2 Rad8 14. Bf4 Nd5
15. Bg3 Bc5 16. Nd4 Be6 17. Nxe6 fxe6 18. a3 Rf7 19. c4 Rdf8 20. cxd5 cxd5 21.
Rd2 h5 22. Rf1 Be3 23. Re2 Bd4 24. h3 c5 25. Ba2 c4 26. Bb1 g5 27. Bg6 h4 28.
Bxf7+ Kxf7 29. Bh2 Kg6 30. g4 Rf3 31. Kg2 Rb3 32. f4 gxf4 33. Bxf4 Bxb2 34. a4
d4 35. Re4 b5 36. axb5 axb5 37. Bd2 c3 38. Rf6+ Kh7 39. Rxd4 cxd2 40. Rd7+ Kg8
41. Rxe6 Rg3+ 42. Kh2 Ba3 43. Re8+ Bf8 44. Rxd2 b4 45. e6 Re3 46. Rdd8 Re2+ 47.
Kg1 Re1+ 48. Kf2 {Black resigns} 1-0

[Event "Team 45 45 League T43"]
[Site "Internet Chess Club"]
[Date "2009.11.28"]
[Round "5"]
[White "UnderRated"]
[Black "Helaman"]
[Result "1-0"]
[WhiteElo "1713"]
[BlackElo "1465"]
[Opening "Vienna game"]
[ECO "C28"]
[Time "14:34:55"]
[TimeControl "2700+45"]

1. e4 e5 2. Nc3 Nf6 3. Bc4 Nc6 4. d3 Bb4 5. a3 Bxc3+ 6. bxc3 d5 7. exd5 Nxd5 8.
Bd2 O-O 9. Nf3 Bg4 10. h3 Bh5 11. g4 Bg6 12. O-O f5 13. Bg5 Qd7 14. Qe1 e4 15.
dxe4 fxe4 16. Nh4 Bf7 17. Qxe4 Nxc3 18. Bxf7+ Qxf7 19. Qd3 Nd5 20. Nf5 Nde7 21.
Nxe7+ Nxe7 22. Qd7 Nc6 23. Rad1 h6 24. Bh4 Ne5 25. Qxf7+ Rxf7 26. Rd8+ Rxd8 27.
Bxd8 Nc6 28. Bh4 Rd7 29. Re1 Kf8 30. Re3 Rd1+ 31. Kg2 Rb1 32. Rd3 Ke8 33. Bg3
Rb2 34. Rb3 Rxb3 35. cxb3 Kd7 36. b4 a6 37. Bf4 Nd4 38. Be5 Ne6 39. f4 Kc6 40.
f5 Nd8 41. Bxg7 {Black resigns} 1-0

[Event "Team 45 45 League T43"]
[Site "Internet Chess Club"]
[Date "2009.12.01"]
[Round "5"]
[White "blizzard13"]
[Black "smsxman"]
[Result "1-0"]
[WhiteElo "1484"]
[BlackElo "1409"]
[Opening "Hungarian defense"]
[ECO "C50"]
[Time "12:31:36"]
[TimeControl "2700+45"]

1. e4 e5 2. Nf3 Nc6 3. Bc4 Be7 4. Nc3 Nf6 5. d3 d6 6. h3 O-O 7. O-O a6 8. Nd5
Na5 9. Nxe7+ Qxe7 10. Be3 Nxc4 11. dxc4 Be6 12. Nd2 b5 13. b3 c5 14. Qe2 bxc4
15. Nxc4 Nxe4 16. Bd2 d5 17. Nxe5 Nxd2 18. Qxd2 c4 19. Rfe1 cxb3 20. cxb3 Qc7
21. Rac1 Qb7 22. Qe3 Rfe8 23. Qg3 f6 24. Nc6 Rac8 25. Nd4 Rxc1 26. Rxc1 Qb4 27.
Nxe6 Rxe6 28. Rc8+ Kf7 29. Rc7+ Re7 30. Rxe7+ Qxe7 31. Qc3 Qe6 32. f3 Qb6+ 33.
Kf1 a5 34. Ke2 Qb5+ 35. Qd3 Qxd3+ 36. Kxd3 Ke6 37. Kd4 Kd6 38. a3 g6 39. b4 a4
40. f4 h5 41. b5 h4 42. b6 Kc6 43. b7 Kxb7 44. Kxd5 Kb6 45. Ke6 Kc5 46. Kxf6 Kd4
47. Kxg6 Ke4 48. f5 Kf4 49. f6 Ke5 50. f7 {Black resigns} 1-0

[Event "Team 45 45 League T43"]
[Site "Internet Chess Club"]
[Date "2009.11.26"]
[Round "5"]
[White "houseofcook"]
[Black "BrandonBee"]
[Result "0-1"]
[WhiteElo "1491"]
[BlackElo "1551"]
[Opening "Sicilian: Alapin's variation (2.c3)"]
[ECO "B22"]
[Time "14:30:13"]
[TimeControl "2700+45"]

1. e4 c5 2. c3 e6 3. d4 cxd4 4. cxd4 a6 5. Nc3 Qa5 6. Bd2 Qb6 7. Nf3 Nc6 8. Na4
Qa7 9. Be3 Bb4+ 10. Nc3 Qb8 11. Rc1 Nf6 12. Bd3 b5 13. O-O Bxc3 14. Rxc3 Bb7 15.
Qd2 Nb4 16. Bf4 Qa7 17. Re1 O-O 18. a3 Nxd3 19. Qxd3 d5 20. e5 Ne4 21. Rc2 Rac8
22. Rec1 Rc4 23. Be3 f6 24. Nd2 fxe5 25. Nxe4 dxe4 26. Qd2 exd4 27. Rxc4 dxe3
28. Qd6 exf2+ 29. Kf1 bxc4 30. Qxe6+ Kh8 31. Rxc4 Qe3 32. Rc1 Qxc1+ {White
resigns} 0-1

[Event "Team 45 45 League T43"]
[Site "Internet Chess Club"]
[Date "2009.11.28"]
[Round "5"]
[White "Pason"]
[Black "Folgers"]
[Result "1-0"]
[WhiteElo "2112"]
[BlackElo "1985"]
[Opening "QGD Slav: 4.Nc3"]
[ECO "D15"]
[Time "15:00:19"]
[TimeControl "2700+45"]

1. d4 d5 2. Nf3 Nf6 3. c4 c6 4. Nc3 a6 5. c5 Nbd7 6. Bf4 Nh5 7. Bg5 h6 8. Bd2 g6
9. e4 dxe4 10. Nxe4 Bg7 11. Bc4 Ndf6 12. Ng3 O-O 13. Qc2 Kh7 14. O-O-O Qc7 15.
Ne5 Nxg3 16. hxg3 Bf5 17. Qb3 Nd5 18. g4 Be6 19. Bxh6 Bxh6+ 20. g5 Rh8 21. Rxh6+
Kg7 22. Rdh1 Rxh6 23. Rxh6 Rh8 24. Qg3 Qa5 25. f3 Nc7 26. Rxh8 Kxh8 27. Nxf7+
Kg7 28. Bxe6 Nxe6 29. Nh6 Nxg5 30. Qxg5 Qe1+ 31. Kc2 Qe2+ 32. Qd2 Qc4+ 33. Kb1
Qf1+ 34. Qc1 Qxg2 35. Ng4 Qxf3 36. Qh6+ Kg8 37. Qxg6+ Kf8 38. Qh6+ Kg8 39. Qe6+
Kf8 40. a3 Qd3+ 41. Ka2 Qxd4 42. Ne5 Qf2 43. Ng6+ Kg7 44. Nxe7 Qxc5 45. Nf5+ Kf8
46. Qd6+ Qxd6 47. Nxd6 b5 48. Kb3 Ke7 49. Ne4 a5 50. Kc3 Ke6 51. Kd4 b4 52. a4
{Black resigns} 1-0

[Event "Team 45 45 League T43"]
[Site "Internet Chess Club"]
[Date "2009.11.27"]
[Round "5"]
[White "TerryMalloy"]
[Black "alastorx"]
[Result "1/2-1/2"]
[WhiteElo "2002"]
[BlackElo "1997"]
[Opening "Scandinavian (center counter) defense"]
[ECO "B01"]
[Time "22:34:22"]
[TimeControl "2700+45"]

1. e4 d5 2. exd5 Qxd5 3. Nc3 Qa5 4. d4 Nf6 5. Nf3 Nc6 6. Bd2 a6 7. Bc4 Qh5 8.
Ne5 Bg4 9. Bxf7+ Qxf7 10. Nxf7 Bxd1 11. Nxh8 Bxc2 12. Rc1 Bd3 13. Be3 g6 14. Rd1
Nb4 15. Bf4 Ne4 16. Nxe4 Bxe4 17. O-O Nd3 18. f3 Bf5 19. Bg5 Nxb2 20. Rde1 Nd3
21. Re3 Nb4 22. Rfe1 Nd5 23. Re5 c6 24. g4 Bd7 25. Kf2 e6 26. Rxe6+ Bxe6 27.
Rxe6+ Kd7 28. Re4 Bg7 29. Nf7 Rf8 30. Ne5+ Bxe5 31. Rxe5 Rf7 32. Bd2 Kd6 33. Re1
Nf6 34. Ke3 Re7+ 35. Kd3 Rxe1 36. Bxe1 Nd5 37. Bd2 Ke6 38. Ke4 Nf6+ 39. Kd3 Nd5
40. Ke4 Nf6+ {Game drawn by mutual agreement} 1/2-1/2

[Event "Team 45 45 League T43"]
[Site "Internet Chess Club"]
[Date "2009.11.29"]
[Round "5"]
[White "NFK"]
[Black "miazga"]
[Result "1/2-1/2"]
[WhiteElo "1762"]
[BlackElo "1998"]
[Opening "Scandinavian defense"]
[ECO "B01"]
[Time "10:10:15"]
[TimeControl "2700+45"]

1. e4 d5 2. exd5 Nf6 3. Bb5+ Bd7 4. Bc4 b5 5. Bb3 Bg4 6. Nf3 Nxd5 7. O-O Nc6 8.
Qe2 Nd4 9. Qe4 Nxf3+ 10. gxf3 Nf6 11. Qf4 Bd7 12. Nc3 e6 13. Ne4 Be7 14. d3 a5
15. a3 a4 16. Ba2 O-O 17. Kh1 Nd5 18. Qg3 f6 19. Rg1 Rf7 20. c4 bxc4 21. dxc4
Nb6 22. Bf4 Ra7 23. Rad1 f5 24. Ng5 Bxg5 25. Bxg5 Qa8 26. Bf4 Bc6 27. Rd3 Rd7
28. Re3 Ra5 29. Rge1 {Game drawn by mutual agreement} 1/2-1/2

[Event "Team 45 45 League T43"]
[Site "Internet Chess Club"]
[Date "2009.11.27"]
[Round "5"]
[White "cesaralexander"]
[Black "Paulkov"]
[Result "0-1"]
[WhiteElo "1996"]
[BlackElo "2043"]
[Opening "Benoni: classical with e4 and Nf3"]
[ECO "A70"]
[Time "20:38:19"]
[TimeControl "2700+45"]

1. d4 Nf6 2. c4 c5 3. d5 e6 4. Nc3 exd5 5. cxd5 d6 6. e4 g6 7. Nf3 a6 8. a4 Bg4
9. h3 Bxf3 10. Qxf3 Bg7 11. Bg5 Nbd7 12. Bd3 Ne5 13. Qe2 O-O 14. O-O Re8 15. Bc2
Qa5 16. f4 Ned7 17. Qf3 c4 18. Kh1 Nc5 19. f5 Nfd7 20. fxg6 fxg6 21. Rae1 Ne5
22. Qg3 b5 23. axb5 axb5 24. Bf6 Bxf6 25. Rxf6 b4 26. Ne2 Qd8 27. Ref1 Ra2 28.
h4 Rxb2 29. Nd4 Rxc2 30. Nc6 Nxe4 31. Qh3 Nxc6 32. Rf8+ Rxf8 33. Qe6+ Kg7 34.
Rxf8 Qxf8 35. Qxe4 Qf1+ 36. Kh2 Qxg2+ 37. Qxg2 Rxg2+ 38. Kxg2 b3 39. dxc6 b2 40.
c7 b1=Q 41. c8=Q Qe4+ 42. Kg1 Qd4+ 43. Kg2 Qd5+ 44. Kg1 Qc5+ 45. Qxc5 dxc5
{White resigns} 0-1

[Event "Team 45 45 League T43"]
[Site "Internet Chess Club"]
[Date "2009.11.28"]
[Round "5"]
[White "poni"]
[Black "CaoCao"]
[Result "1-0"]
[WhiteElo "1962"]
[BlackElo "1956"]
[Opening "Old Indian: Tartakower (Wade) variation"]
[ECO "A04"]
[Time "10:00:14"]
[TimeControl "2700+45"]

1. Nf3 d6 2. d4 Bg4 3. c4 Nd7 4. Nc3 Ngf6 5. g3 Bxf3 6. exf3 c6 7. Bg2 e6 8. d5
exd5 9. cxd5 Be7 10. O-O O-O 11. dxc6 bxc6 12. f4 d5 13. Qa4 Qc7 14. Be3 Nb6 15.
Qc2 Qb7 16. Rfd1 Nc4 17. Bd4 Rad8 18. b3 Na3 19. Qb2 Nb5 20. Nxb5 Qxb5 21. Re1
Rfe8 22. Rac1 c5 23. Bf1 Qb6 24. Rxe7 cxd4 25. Rxe8+ Rxe8 26. Rd1 Re4 27. Bg2 d3
28. Rxd3 Re1+ 29. Bf1 Ne4 30. Rxd5 h6 31. Kg2 Qc6 32. Rd8+ Kh7 33. Bd3 f5 34. f3
Nc3 35. Bxf5+ g6 36. Rd7+ Kg8 37. Rd8+ Kh7 38. Bd3 Re3 39. Be4 Nxe4 40. Qh8#
{Black checkmated} 1-0

[Event "Team 45 45 League T43"]
[Site "Internet Chess Club"]
[Date "2009.11.26"]
[Round "5"]
[White "frank001"]
[Black "koni"]
[Result "0-1"]
[WhiteElo "1837"]
[BlackElo "2014"]
[Opening "Philidor: Improved Hanham variation"]
[ECO "B07"]
[Time "02:00:16"]
[TimeControl "2700+45"]

1. e4 d6 2. d4 Nf6 3. Nc3 e5 4. Nf3 Nbd7 5. h3 Be7 6. Be3 c6 7. Qd2 b5 8. Bd3
O-O 9. O-O-O Qc7 10. Kb1 Nb6 11. b3 a5 12. g4 a4 13. Rdg1 axb3 14. cxb3 Be6 15.
Nh4 Ra3 16. Nf5 Rfa8 17. d5 Bxf5 18. gxf5 b4 19. Nd1 Kh8 20. Qxb4 c5 21. Qd2 c4
22. Bxb6 Qxb6 23. Bxc4 Nxe4 24. Qe2 Qd4 {White resigns} 0-1

[Event "Team 45 45 League T43"]
[Site "Internet Chess Club"]
[Date "2009.11.28"]
[Round "5"]
[White "SneakyRed"]
[Black "ARMAND01968"]
[Result "1-0"]
[WhiteElo "1806"]
[BlackElo "1818"]
[Opening "Philidor's defense"]
[ECO "C41"]
[Time "10:07:44"]
[TimeControl "2700+45"]

1. e4 e5 2. Nf3 d6 3. Bc4 Nc6 4. c3 Bg4 5. O-O Nf6 6. d3 Be7 7. Nbd2 O-O 8. Re1
Na5 9. Bb5 a6 10. Ba4 b5 11. Bc2 c5 12. Nf1 Ne8 13. h3 Bh5 14. Ng3 Bg6 15. d4
cxd4 16. cxd4 Nc6 17. Bb3 Kh8 18. Bd5 Rc8 19. Bxc6 Rxc6 20. dxe5 dxe5 21. Qxd8
Bxd8 22. Nxe5 Rc2 23. Nxg6+ fxg6 24. f3 Bb6+ 25. Be3 Bxe3+ 26. Rxe3 Rxb2 27. Re2
Rxe2 28. Nxe2 Nd6 29. Rc1 Nc4 30. a4 Rb8 31. axb5 axb5 32. Nd4 Nd6 33. Rc6 Ne8
34. Kf2 Kg8 35. Ke3 Nf6 36. Rc7 Ne8 37. Rd7 Nf6 38. Ra7 Ne8 39. Kd3 Nd6 40. Nc6
Rb6 41. Ne7+ Kf8 42. Nd5 Rb8 43. Kc3 h5 44. Kb4 g5 45. Ra6 Nc4 46. Rg6 g4 47.
hxg4 hxg4 48. Rxg4 Ne5 49. Rg5 Nd3+ 50. Kc3 Nc5 51. Rf5+ {Black resigns} 1-0

[Event "Team 45 45 League T43"]
[Site "Internet Chess Club"]
[Date "2009.11.28"]
[Round "5"]
[White "rayonline53"]
[Black "MarkNY"]
[Result "0-1"]
[WhiteElo "1414"]
[BlackElo "1573"]
[Opening "Ruy Lopez: closed, 8.c3"]
[ECO "C89"]
[Time "08:05:48"]
[TimeControl "2700+45"]

1. e4 e5 2. Nf3 Nc6 3. Bb5 a6 4. Ba4 Nf6 5. O-O b5 6. Bb3 Be7 7. Re1 O-O 8. c3
Na5 9. Bc2 c5 10. d4 exd4 11. cxd4 d6 12. h3 Bb7 13. Nbd2 Nd7 14. Nf1 Nc6 15.
Bf4 Bf6 16. Bxd6 Re8 17. e5 Be7 18. Bxe7 Rxe7 19. Ng5 Nxd4 20. Bxh7+ Kf8 21. Qh5
Ke8 22. Bg6 fxg6 23. Qxg6+ Kf8 24. Qh7 Bd5 25. Ng3 Bg8 26. Qh8 Rxe5 27. Rxe5
Nxe5 28. Qh4 Qf6 29. Kf1 Bc4+ 30. Ke1 Qxg5 31. Qh8+ Bg8 32. Ne4 Qh6 {White
resigns} 0-1

[Event "Team 45 45 League T43"]
[Site "Internet Chess Club"]
[Date "2009.11.28"]
[Round "5"]
[White "vollmerj"]
[Black "nursey"]
[Result "1-0"]
[WhiteElo "1734"]
[BlackElo "1624"]
[Opening "Ruy Lopez: closed (10...c5)"]
[ECO "C96"]
[Time "17:03:09"]
[TimeControl "2700+45"]

1. e4 e5 2. Nf3 Nc6 3. Bb5 a6 4. Ba4 Nf6 5. O-O Be7 6. Re1 b5 7. Bb3 O-O 8. c3
d6 9. h3 Na5 10. Bc2 c5 11. d4 cxd4 12. cxd4 exd4 13. Nxd4 d5 14. e5 Nd7 15. e6
Nf6 16. Nd2 Bd6 17. N2f3 fxe6 18. Nxe6 Bxe6 19. Rxe6 Nc4 20. b3 Nb6 21. Bg5 Rc8
22. Qd3 h6 23. Bxf6 Rxf6 24. Qh7+ Kf7 25. Rxf6+ Qxf6 26. Re1 Rd8 27. Bf5 Bf4 28.
Be6+ Ke7 29. Bxd5+ Kd7 30. Be6+ Kc7 31. Qc2+ Kb8 32. Qf5 Qxf5 33. Bxf5 Nd5 34.
Rd1 Kc7 35. Nd4 Rd6 36. Ne6+ Kc6 37. Be4 Be5 38. f4 Bf6 39. g3 g6 40. Kf2 a5 41.
Rc1+ Kb6 42. Rd1 Kc6 43. Kf3 b4 44. g4 h5 45. f5 hxg4+ 46. hxg4 gxf5 47. gxf5
Be5 48. Ng5 Kc5 49. Nf7 Nc3 50. Rh1 Rd4 51. Bb1 Rf4+ 52. Ke3 Bc7 53. Ng5 Nd5+
54. Ke2 Nc3+ 55. Ke3 Nd5+ 56. Kd3 Rd4+ 57. Ke2 Nc3+ 58. Kf3 Rd7 59. Ne6+ Kd5 60.
Nxc7+ Rxc7 61. Kf4 Rf7 62. Re1 Kd4 63. Kg5 Nd5 64. Kg6 Rf6+ 65. Kg5 Rf7 66. Rd1+
Ke5 67. Re1+ Kd4 68. Re4+ Kc3 69. Re5 Kd4 70. Re6 Nc3 71. Kg6 Rd7 72. Re1 Kd5
73. f6 Rd6 74. Kg7 Rxf6 75. Kxf6 Kd4 76. Ke6 Nb5 77. Kd7 Kc3 78. Kc6 Na3 79. Bf5
Kb2 80. Re2+ Kc1 81. Kb6 Kd1 82. Rh2 {Black resigns} 1-0

[Event "Team 45 45 League T43"]
[Site "Internet Chess Club"]
[Date "2009.11.27"]
[Round "5"]
[White "Pawndemonium"]
[Black "crankn8tr"]
[Result "0-1"]
[WhiteElo "1441"]
[BlackElo "1502"]
[Opening "QGD: Tarrasch defense"]
[ECO "D32"]
[Time "17:01:25"]
[TimeControl "2700+45"]

1. d4 d5 2. c4 e6 3. Nc3 c5 4. Nf3 Nc6 5. Bg5 Nf6 6. e4 cxd4 7. Nxd4 h6 8. Bh4
g5 9. Bg3 dxe4 10. Nxc6 Qxd1+ 11. Rxd1 bxc6 12. Be5 Bg7 13. Be2 O-O 14. O-O Bb7
15. b3 Rfd8 16. Bh5 Nxh5 17. Bxg7 Kxg7 18. Nxe4 Nf6 19. Nd6 Rd7 20. Rd2 Kf8 21.
Rfd1 Ke7 22. c5 Nd5 23. a3 Rad8 24. g3 Kf6 25. Rd4 Ke7 26. f4 gxf4 27. gxf4 Rg8+
28. Kf2 Kf6 29. R1d3 Ke7 30. b4 Ba6 31. Re3 Nxe3 {White resigns} 0-1

[Event "Team 45 45 League T43"]
[Site "Internet Chess Club"]
[Date "2009.11.28"]
[Round "5"]
[White "chicopee-ed"]
[Black "SeniorCitizen"]
[Result "0-1"]
[WhiteElo "1361"]
[BlackElo "1294"]
[Opening "Queen's pawn game"]
[ECO "D00"]
[Time "12:00:18"]
[TimeControl "2700+45"]

1. d4 d5 2. e3 Nf6 3. Bd3 e6 4. Nf3 Nbd7 5. Nbd2 Bd6 6. O-O O-O 7. e4 dxe4 8.
Nxe4 Nxe4 9. Bxe4 f5 10. Bd3 c6 11. Re1 Nf6 12. Bc4 Nd5 13. Ne5 Qf6 14. Bxd5
exd5 15. f4 Be6 16. Be3 Bxe5 17. fxe5 Qf7 18. Bf4 Rfe8 19. Rf1 Rad8 20. c3 Qc7
21. Rf3 Rd7 22. b4 b6 23. Qc2 c5 24. dxc5 bxc5 25. a3 Qb6 26. Kh1 Qc6 27. Rh3
cxb4 28. axb4 d4 29. Bd2 Rf8 30. Rf1 Qc4 31. Rd3 dxc3 32. Rff3 Rxd3 33. Rxd3
Qxb4 34. Bxc3 Qe4 35. h3 f4 36. Rd2 Qe1+ 37. Kh2 Qg3+ 38. Kh1 f3 39. Bd4 fxg2+
40. Rxg2 Rf1+ 41. Bg1 Qxh3+ 42. Rh2 Bd5+ {White resigns} 0-1

[Event "Team 45 45 League T43"]
[Site "Internet Chess Club"]
[Date "2009.11.28"]
[Round "5"]
[White "Andressa"]
[Black "wbanks"]
[Result "0-1"]
[WhiteElo "1522"]
[BlackElo "1568"]
[Opening "Giuoco Piano: four knights variation"]
[ECO "C47"]
[Time "10:00:49"]
[TimeControl "2700+45"]

1. e4 e5 2. Nf3 Nc6 3. Nc3 Nf6 4. Bc4 Bc5 5. O-O O-O 6. a3 d6 7. d3 Ne7 8. b4
Bb6 9. Na4 Ng6 10. Nxb6 axb6 11. Bg5 h6 12. Be3 Be6 13. Bxe6 fxe6 14. h3 Qe8 15.
c4 Nh5 16. Kh2 Qa4 17. Qxa4 Rxa4 18. c5 dxc5 19. bxc5 b5 20. Bd2 c6 21. Bb4 Nhf4
22. Rad1 Rd8 23. d4 exd4 24. g3 Ne2 25. Rd2 d3 26. Re1 Raa8 27. Kg2 Kf7 28. Ng1
Nxg1 29. Rxg1 Ne5 30. Rgd1 g5 31. f4 gxf4 32. gxf4 Nc4 33. Rxd3 Ne3+ 34. Rxe3
Rxd1 35. Kf2 Rg8 36. Ke2 Rb1 37. f5 exf5 38. exf5 Re8 39. Rxe8 Kxe8 40. Kf3 Rg1
41. Kf4 Kf7 42. Ke5 Rd1 43. h4 h5 {White resigns} 0-1

[Event "Team 45 45 League T43"]
[Site "Internet Chess Club"]
[Date "2009.12.01"]
[Round "5"]
[White "dinkola"]
[Black "mongmong"]
[Result "1-0"]
[WhiteElo "1695"]
[BlackElo "1502"]
[Opening "Nimzo-Indian: e3, Hübner variation"]
[ECO "E41"]
[Time "20:04:52"]
[TimeControl "2700+45"]

1. d4 e6 2. c4 Nf6 3. Nc3 Bb4 4. e3 c5 5. Bd3 Nc6 6. Nf3 Bxc3+ 7. bxc3 d6 8. O-O
e5 9. d5 Ne7 10. e4 Bg4 11. h3 Bh5 12. g4 Bg6 13. Nh4 Bxe4 14. Bxe4 Nxe4 15. Re1
Nf6 16. Bg5 Ng6 17. Nf5 O-O 18. Qf3 h6 19. Nxh6+ gxh6 20. Bxf6 Qd7 21. Re4 Nf4
22. Rxf4 exf4 23. Qxf4 Kh7 24. Qe4+ Kg8 25. Kh2 Qe8 26. Qf3 Kh7 27. Qf5+ Kg8 28.
g5 Qc8 29. Qf4 Kh7 {Black resigns} 1-0